Map: Curious Minds LE

Players

Warthog - Winner!

  • Race: Terran Terran
  • League: Diamond
  • Spawn Location: 11:00

IIIIIIIIIIII

  • Race: Terran Terran
  • League: Diamond
  • Spawn Location: 5:00

VOD

Have the link to the VOD?

Description

Time

  • Played on: Nov. 23, 2021, 8:36 p.m.
  • Length: 13:26
Show
View Real Time Build Order
Export as new Build Order

Warthog Terran - Winner!

Build Orders:  

Get SALT Encoding   

  12  0:00  SCV  
  13  0:13  SCV  
  14  0:17  Supply Depot  
  14  0:25  SCV  
  15  0:39  SCV  
  15  0:41  Barracks  
  16  0:43  Refinery  
  16  0:51  SCV  
  16  0:53  Refinery  
  17  1:03  SCV  
  18  1:15  SCV  
  19  1:29  Reaper  
  19  1:31  Orbital Command  
  20  1:41  Supply Depot  
  20  1:42  Factory  
  20  1:59  SCV  
  21  2:01  Reaper  
  22  2:20  SCV  
  23  2:24  Command Center  
  23  2:32  SCV  
  23  2:35  Hellion  
  27  2:44  SCV  
  27  2:49  Reaper  
  28  2:54  Supply Depot, Starport  
  28  2:56  SCV  
  28  2:58  Hellion  
  31  3:15  SCV  
  32  3:20  Factory Tech Lab  
  32  3:21  Barracks Reactor  
  32  3:28  SCV  
  33  3:36  Orbital Command  
  33  3:40  Cyclone, SCV  
  34  4:02  SCV x2  
  35  4:14  SCV  
  35  4:22  SCV  
  30  4:24  Barracks Tech Lab  
  30  4:26  Command Center  
  30  4:27  SCV  
  30  4:30  Viking, Siege Tank  
  35  4:33  Viking  
  35  4:34  SCV  
  38  4:39  SCV  
  39  4:46  SCV, Marine  
  39  4:51  SCV  
  42  4:58  SCV  
  42  4:59  Barracks  
  43  5:01  Barracks  
  43  5:03  SCV  
  41  5:10  SCV  
  41  5:15  SCV  
  42  5:21  Siege Tank  
  42  5:22  SCV  
  42  5:23  Viking  
  42  5:25  Stimpack  
  42  5:27  SCV  
  49  5:31  Marine  
  49  5:35  SCV  
  51  5:39  SCV  
  52  5:47  SCV  
  50  5:51  Orbital Command  
  50  5:53  Siege Tank  
  50  5:55  SCV  
  55  5:58  Barracks Reactor x2  
  55  5:59  SCV  
  55  6:02  Engineering Bay  
  55  6:03  Engineering Bay  
  55  6:08  SCV  
  55  6:11  SCV  
  55  6:16  SCV  
  56  6:20  Refinery x2  
  56  6:21  Viking, Marine  
  56  6:24  SCV x2  
  61  6:27  Supply Depot  
  59  6:36  Siege Tank, Marine x2  
  59  6:38  SCV  
  66  6:41  Orbital Command  
  65  6:51  SCV  
  65  6:53  Supply Depot, SCV  
  66  7:08  Siege Tank  
  67  7:10  Marine x2  
  67  7:13  SCV x3  
  72  7:17  Terran Infantry Weapons Level 1, Marine x2  
  74  7:23  Barracks  
  74  7:24  Barracks, Marine  
  74  7:25  SCV x2  
  74  7:27  Supply Depot x2, Marine  
  74  7:28  Combat Shield, Marine  
  79  7:32  SCV  
  80  7:37  Viking x2  
  80  7:40  SCV  
  80  7:44  Refinery  
  85  7:45  Refinery  
  85  7:48  SCV, Siege Tank  
  89  7:52  Supply Depot  
  89  7:53  Supply Depot  
  89  7:58  Marine  
  90  8:05  Marine  
  90  8:06  SCV  
  90  8:07  SCV x2  
  94  8:18  Supply Depot  
  94  8:19  Supply Depot, SCV x2  
  96  8:20  Terran Infantry Armor Level 1, Siege Tank  
  96  8:21  Armory  
  97  8:38  Barracks Reactor x2  
  97  8:39  Marine x5  
  102  8:43  Armory  
  102  8:46  Supply Depot, SCV x3  
  102  8:47  Supply Depot  
  105  8:52  Siege Tank  
  108  8:55  Concussive Shells  
  108  8:58  Command Center  
  108  9:02  SCV x3  
  111  9:03  Barracks x2  
  111  9:05  Barracks  
  111  9:10  Viking x2  
  111  9:14  SCV x2  
  117  9:19  SCV  
  117  9:22  Supply Depot  
  117  9:23  Supply Depot  
  118  9:26  SCV x2  
  118  9:35  Siege Tank  
  118  9:36  Terran Vehicle Weapons Level 1, Terran Infantry Weapons Level 2  
  121  9:39  Marine  
  121  9:40  Viking x2, Marauder  
  128  10:00  Marine  
  128  10:01  Marauder  
  131  10:07  Siege Tank  
  131  10:10  Viking x2  
  138  10:15  Marine x2  
  138  10:19  SCV  
  138  10:20  SCV x2, Marine  
  138  10:21  Marine x3  
  142  10:23  Marauder  
  142  10:26  Planetary Fortress  
  140  10:30  Missile Turret  
  140  10:31  SCV  
  140  10:32  SCV x2  
  143  10:39  Siege Tank  
  146  10:44  SCV, Marauder  
  146  10:45  Marine x2  
  146  10:46  Marine x3  
  152  10:55  Marine x3  
  146  11:05  Marauder  
  146  11:11  Command Center  
  148  11:12  Siege Tank  
  148  11:17  Command Center  
  150  11:22  Marine x2  
  150  11:27  Marauder  
  134  11:33  Medivac, Marine x2  
  134  11:37  Marine x4  
  136  11:44  Siege Tank  
  139  11:48  Marauder  
  139  11:50  Supply Depot  
  141  11:58  Barracks Tech Lab x3  
  141  12:00  Marine  
  141  12:01  Marine x4  
  138  12:09  Marauder  
  138  12:12  Marine  
  141  12:16  Siege Tank  
  141  12:17  Medivac, Marine x3  
  141  12:18  Marauder  
  151  12:30  Marine  
  151  12:31  Orbital Command, Marauder x2, Marine  
  151  12:33  Orbital Command  
  157  12:38  Missile Turret  
  157  12:46  Marauder, Marine  
  160  12:52  Marauder  
Show
View Real Time Build Order
Export as new Build Order

IIIIIIIIIIII Terran 

Build Orders: Gas First Reaper Expand, Liberator Opening, Mech 

Get SALT Encoding   

  12  0:01  SCV  
  13  0:13  SCV  
  14  0:17  Supply Depot  
  14  0:25  SCV  
  15  0:32  Refinery  
  15  0:38  SCV  
  16  0:44  Barracks  
  16  0:50  SCV  
  17  1:02  SCV  
  18  1:15  SCV  
  19  1:35  Reaper  
  19  1:37  Orbital Command  
  20  1:45  Command Center  
  20  1:57  Factory  
  20  2:04  SCV, Refinery  
  21  2:11  Reaper  
  22  2:16  SCV  
  23  2:26  Supply Depot  
  23  2:30  SCV  
  23  2:45  SCV  
  23  2:48  Starport  
  23  2:51  Barracks Tech Lab  
  23  2:56  Hellion  
  23  2:57  SCV, Orbital Command  
  26  3:15  SCV  
  27  3:21  Barracks Reactor, Orbital Command  
  27  3:29  SCV  
  28  3:37  Cyclone  
  31  3:41  SCV  
  31  3:43  Refinery  
  31  3:47  Command Center  
  32  3:53  Liberator  
  23  4:30  SCV x2  
  25  4:42  SCV x2  
  27  4:54  SCV x2  
  27  4:55  Siege Tank  
  32  5:07  SCV, Marine x2  
  34  5:14  SCV  
  34  5:16  Orbital Command  
  34  5:19  SCV  
  35  5:25  Factory  
  36  5:28  SCV  
  36  5:29  Marine  
  36  5:30  Marine  
  36  5:31  SCV  
  39  5:37  Refinery  
  39  5:40  SCV  
  40  5:44  Siege Tank  
  40  5:45  SCV  
  44  5:50  SCV, Marine  
  44  5:51  Marine  
  44  5:53  SCV  
  48  5:57  SCV  
  48  6:01  Viking  
  48  6:02  SCV  
  52  6:05  SCV  
  39  6:30  SCV x2  
  39  6:32  SCV  
  42  6:42  SCV x2  
  42  6:44  SCV, Siege Tank, Hellion x2  
  42  6:45  Medivac  
  54  6:51  Supply Depot  
  54  6:54  SCV  
  54  6:55  SCV  
  54  6:56  SCV  
  54  7:06  Hellion  
  54  7:07  SCV, Hellion  
  51  7:13  SCV x2  
  48  7:17  Hellion  
  48  7:19  SCV  
  51  7:23  Viking  
  51  7:25  SCV x2  
  51  7:28  Hellion x2  
  59  7:31  SCV  
  60  7:37  SCV, Factory  
  60  7:42  Siege Tank  
  64  7:48  SCV  
  64  7:49  Supply Depot  
  65  8:03  Armory  
  65  8:04  Armory  
  65  8:16  Hellion x2  
  65  8:17  Siege Tank  
  70  8:28  SCV  
  70  8:31  Factory Tech Lab  
  71  8:42  SCV  
  71  8:45  Supply Depot  
  71  8:47  Supply Depot, Infernal Pre-Igniter  
  72  8:49  SCV  
  72  8:54  SCV  
  74  9:00  Orbital Command  
  74  9:01  SCV  
  75  9:05  Hellion x2  
  75  9:06  Thor  
  85  9:11  Terran Vehicle And Ship Armor Level 1  
  85  9:19  Terran Vehicle Weapons Level 1  
  85  9:22  Refinery  
  85  9:25  Engineering Bay, Supply Depot  
  85  9:34  Hellion x2  
  85  9:35  Starport Reactor  
  85  9:37  SCV  
  90  9:41  SCV  
  90  9:44  Siege Tank  
  94  9:47  SCV  
  94  9:49  SCV  
  96  9:55  Siege Tank  
  96  9:59  SCV  
  100  10:01  SCV  
  101  10:14  Hellion x2, Viking  
  101  10:15  Viking  
  109  10:26  Hellion  
  109  10:28  Hellion  
  103  10:33  Orbital Command  
  89  11:00  Hellion, Siege Tank  
  89  11:01  Hellion  
  96  11:06  Terran Vehicle And Ship Armor Level 2  
  96  11:15  SCV x2  
  89  11:24  Hellion x2  
  88  11:32  Hellion  
  73  11:38  SCV x3  
  63  11:45  Hellion x2  
  63  11:50  SCV, Starport Reactor  
  55  12:09  Siege Tank  
  55  12:11  Orbital Command  
  58  12:17  Barracks  
  58  12:22  SCV x2  
  60  12:34  SCV  
  60  12:35  SCV  
  64  12:44  Hellion x2, Viking x2  
  64  12:46  SCV  
  64  12:47  SCV  
Tags
 
Add a new tag
Caveats
  • Supply blocks, unpowered buildings, or Contaminate may cause inaccurate times.
  • Supply counts are checked every 10 seconds.